 Dungeon Crawl Stone Soup version 0.31-a0-214-gb37851dbb3 (webtiles) character file.

Game seed: 2047266555227462443

194 qw the Shooter (level 5, 0/31 HPs)
             Began as a Gargoyle Hexslinger on July 1, 2023.
             Slain by an orc priest
             ... wielding a +0 flail
              (4 damage)
             ... on level 3 of the Dungeon.
             The game lasted 00:00:59 (1989 turns).

qw the Shooter (Gargoyle Hexslinger)                Turns: 1989, Time: 00:01:00

Health: 0/31       AC: 11    Str: 15    XL:     5   Next: 73%
Magic:  0/0        EV: 11    Int: 13    God:
Gold:   47         SH:  0    Dex: 16    Spells: 5/6 levels left

rFire   + . .        Y - +1 sling
rCold   . . .        (no shield)
rNeg    + . .        e - +0 ring mail
rPois   inf          (no helmet)
rElec   +            f - +0 cloak
rCorr   .            g - +0 pair of gloves
SInv    .            (no boots)
Will    .....        (no amulet)
Stlth   +            a - ring of Febo {rElec rF+ MP-9 Str+3 Dex+2}
HPRegen 0.25/turn    (no ring)
MPRegen 0.07/turn

%: no passive effects
@: no status effects
A: sickness immunity, AC +4, negative energy resistance 1, electricity
resistance, torment resistance 1, petrification resistance
a: no special abilities


You were on level 3 of the Dungeon.
You visited 1 branch of the dungeon, and saw 3 of its levels.

You collected 47 gold pieces.


Innate Abilities, Weirdness & Mutations

You are immune to sickness and miasma.
Your stone body is resilient. (AC +4)
You are immune to poison.
You resist negative energy. (rN+)
You are resistant to electric shocks. (rElec)
You are resistant to unholy torment.
You are immune to petrification.


   Skills:
 + Level 2.7 Fighting
 - Level 5.0 Ranged Weapons
 - Level 1.2 Armour
 - Level 1.5 Dodging
 - Level 1.0 Spellcasting
 - Level 2.6 Hexes


You had 5 spell levels left.
You knew the following spells:

 Your Spells              Type           Power      Damage    Failure   Level
a - Slow                  Hex            28%        N/A       19%         1

Your spell library contained the following spells:

 Spells                   Type           Power      Damage    Failure   Level
 Inner Flame              Hex/Fire       4%         N/A       67%         3
 Portal Projectile        Hex/Tloc       8%         N/A       67%         3
 Cause Fear               Hex            3%         N/A       87%         4

Inventory:

Hand Weapons
 Y - a +1 sling (weapon)
Armour
 e - a +0 ring mail (worn)
 f - a +0 cloak (worn)
 g - a +0 pair of gloves (worn)
Jewellery
 a - the ring of Febo (left hand) {rElec rF+ MP-9 Str+3 Dex+2}
   (You acquired it on level 1 of the Dungeon)

   [ring of protection from fire]

   Str:       It affects your strength (+3).
   Dex:       It affects your dexterity (+2).
   rF:        It protects you from fire.
   rElec:     It insulates you from electricity.
   MP:        It affects your magic capacity (-9).
Scrolls
 h - a scroll of identify
 l - a scroll of enchant weapon {unknown}
Potions
 b - a potion of enlightenment {unknown}
 c - a potion of mutation {unknown}
 d - a potion of haste
 i - a potion of invisibility {unknown}
 j - a potion of lignification {unknown}
 k - a potion of curing {unknown}
 m - a potion of brilliance {unknown}

Dungeon Overview and Level Annotations

Branches:
Dungeon (3/15)

Altars:
Yredelemnul


Message History

Enter note:
Enter note:
Enter note: You shoot a sling bullet.
The sling bullet completely misses the orc priest.
The orc priest closely misses you.
You shoot a sling bullet. The sling bullet hits the orc priest.
The orc priest is moderately wounded.
The orc priest hits you with a +0 flail.
You shoot a sling bullet.
The sling bullet barely misses the orc priest.
The adder bites you but does no damage.
The orc priest hits you with a +0 flail.
You shoot a sling bullet. The sling bullet hits the orc priest!
The orc priest is severely wounded.
The adder closely misses you.
A goblin comes into view. It is wielding a +0 dagger.
The orc priest casts a cantrip, but nothing happens.
The adder barely misses you.
You shoot a sling bullet.
The sling bullet closely misses the orc priest.
The adder bites you but does no damage.
The orc priest mumbles some strange prayers to Beogh against you.
Beogh smites you!
An orc comes into view. It is wielding a +0 mace.
The orc priest looks encouraged for a moment.
The adder bites you.
The orc priest invokes the aid of Beogh against you.
Pain shoots through your body!
The orc moves out of view.
You shoot a sling bullet.
The sling bullet closely misses the orc priest.
The adder bites you but does no damage.
The orc priest hits you with a +0 flail.
The orc priest calls upon Beogh to heal the orc priest.
The orc priest is healed somewhat.
You shoot a sling bullet. The sling bullet hits the orc priest.
The orc priest is heavily wounded.
The adder barely misses you.
The orc priest hits you with a +0 flail.
You die...

#..............#
.........%...#.#
#......#...#.#
##....###....####
#......#.........
##.....#.....####
##...###....#
#..## ##...#
#oS@# #..#.#
##.### #go##
##...# >.....
#..g. #...[#
.#.### #....#
#....# #.#
..#..#o #..#.#
#.#
#...##...#....#
#.#.### #...
...#..### #.#....
#..# # .#..#
#.##### #..# #.#


You could see 2 orc priests, an adder and 2 goblins.

Vanquished Creatures
  Natasha (twice) (D:2)
  Terence (D:2)
  A hound skeleton (D:2)
  6 adders
  A worm (D:2)
  2 dart slugs
  8 bats
  An endoplasm (D:1)
  4 giant cockroaches (D:1)
  5 goblins
  3 hobgoblins
  4 jackals (D:1)
  A quokka (D:2)
  2 ball pythons
  A ball python skeleton (D:2)
  3 frilled lizards
  A giant cockroach zombie (D:2)
  5 kobolds
  A quokka zombie (D:2)
  5 rats
57 creatures vanquished.

Notes
Turn   | Place    | Note
-------+----------+-------------------------------------------
     0 | D:1      | qw the Gargoyle Hexslinger began the quest for the Orb.
     0 | D:1      | Reached XP level 1. HP: 12/12 MP: 2/2
     0 | D:1      | 0 ||| qw: Version: 0.3-a-32-g5962c71
     0 | D:1      | 0 ||| qw: Game counter: 7680
     0 | D:1      | 0 ||| qw: Melee chars always use a shield: true
     0 | D:1      | 0 ||| qw: God list: Okawaru
     0 | D:1      | 0 ||| qw: Allow faded altars: false
     0 | D:1      | 0 ||| qw: Do Orc after clearing Dungeon:15 true
     0 | D:1      | 0 ||| qw: Do second Lair branch before Depths: true
     0 | D:1      | 0 ||| qw: Lair rune preference: random
     0 | D:1      | 0 ||| qw: Goals: Normal
     0 | D:1      | 0 ||| PLANNING D:1-11
   183 | D:1      | Reached XP level 2. HP: 16/16 MP: 3/3
   237 | D:1      | Reached skill level 3 in Ranged Weapons
   351 | D:1      | Reached XP level 3. HP: 21/21 MP: 4/4
   816 | D:1      | 816 ||| UPGRADING to +0 ring mail.
   826 | D:1      | 826 ||| DROPPING +0 robe.
   827 | D:1      | 827 ||| UPGRADING to +0 cloak.
   832 | D:1      | 832 ||| UPGRADING to +0 pair of gloves.
   837 | D:1      | 837 ||| READING scroll labelled MUASOG QAPEBIE.
   838 | D:1      | 838 ||| READING scroll labelled FOTING ODWOA.
   839 | D:1      | 839 ||| READING scroll labelled EFIXYC XAMUS.
   842 | D:1      | 842 ||| READING scroll labelled XEXOIT MUOSIA.
   842 | D:1      | Identified a scroll of acquirement
   842 | D:1      | 842 ||| ACQUIRING ring of Febo {rElec rF+ MP-9 Str+3 Dex+2}
   842 | D:1      | Acquired the ring of Febo {rElec rF+ MP-9 Str+3 Dex+2}
   844 | D:1      | 844 ||| UPGRADING to ring of Febo {rElec rF+ MP-9 Str+3
                  | Dex+2}.
   845 | D:1      | 845 ||| READING scroll labelled VAFAGUO GUXO.
   846 | D:1      | 846 ||| DROPPING scroll of poison.
   955 | D:2      | Reached skill level 1 in Armour
   996 | D:2      | Reached XP level 4. HP: 22/26 MP: 0/5
  1066 | D:2      | Reached skill level 4 in Ranged Weapons
  1206 | D:2      | Noticed Terence
  1206 | D:2      | Noticed Natasha
  1219 | D:2      | HP: 5/26 [Terence/+0 hand axe (2)]
  1220 | D:2      | 1220 ||| READING scroll of teleportation.
  1374 | D:2      | 1374 ||| Stepping ~*~*~tactically~*~*~ (outnumbered).
  1395 | D:2      | Killed Terence
  1395 | D:2      | HP: 2/26 [Natasha/magic dart (5)]
  1397 | D:2      | Killed Natasha
  1398 | D:2      | Reached XP level 5. HP: 4/30 MP: 0/6
  1659 | D:2      | Noticed Natasha
  1673 | D:2      | Killed Natasha
  1674 | D:2      | Reached skill level 5 in Ranged Weapons
  1740 | D:3      | Found a basalt altar of Yredelemnul.
  1982 | D:3      | 1982 ||| Stepping ~*~*~tactically~*~*~ (outnumbered).
  1987 | D:3      | HP: 5/31 [orc priest/nerve-wracking pain (3)]
  1989 | D:3      | Slain by an orc priest

Levels and vault maps discovered:
D:1:      dpeg_arrival_circle_labyrinth_c, layout_basic
D:2:      layout_rooms, serial_undead, serial_undead_f, serial_undead_f,
          serial_undead_c, serial_undead_b, uniq_terence, uniq_natasha
D:3:      layout_basic, marbit_many_paths, mainiacjoe_overflow_small_starburst,
          grunt_temple_overflow_growth_and_decay, ebering_ecumenical_altar_box,
          serial_shops, shop, nicolae_half_adder

Skill      XL: |  1  2  3  4  5 |
---------------+----------------+-----
Ranged Weapons | 3 4 5 |  5.0
Fighting       | 2 |  2.7
Armour         | 1 |  1.2
Dodging        | |  1.5
Spellcasting   | |  1.0
Hexes          | |  2.6

Action                     |  1- 3 |  4- 6 || total
---------------------------+-------+-------++-------
   Fire: Sling             |   124 |   134 ||   258
    Use: Scroll            |     5 |     1 ||     6
 Armour: Robe              |    15 |       ||    15
         Ring mail         |     9 |    53 ||    62
  Dodge: Dodged            |    44 |    55 ||    99

Table legend:
 A = Non-vault XP
 B = Vault XP
 C = Vault XP percentage of total XP
 D = Non-vault monster count
 E = Vault monster count
 F = Vault count percentage of total count
                 A         B        C        D         E       F
            +---------+---------+-------+---------+---------+-------
      Total |     164 |     114 |  41.0 |      49 |       8 |  14.0
            +---------+---------+-------+---------+---------+-------
        D:1 |      50 |       0 |   0.0 |      30 |       0 |   0.0
        D:2 |      93 |      88 |  48.6 |      13 |       6 |  31.6
        D:3 |      21 |      26 |  55.3 |       6 |       2 |  25.0
            +---------+---------+-------+---------+---------+-------
